 Dungeon Crawl Stone Soup version 0.29.1-1-gd02db6906a (webtiles) character file.

Game seed: 2712932322454572134

66 Earthwalker the Trooper (level 3, -2/35 HPs)
             Began as a Minotaur Abyssal Knight on Oct 7, 2022.
             Was a Believer of Lugonu.
             Slain by a gnoll
             ... wielding a +0 flail
              (6 damage)
             ... on level 2 of the Dungeon.
             The game lasted 00:06:18 (1909 turns).

Earthwalker the Trooper (Minotaur Abyssal Knight)   Turns: 1909, Time: 00:06:19

Health: -2/35      AC: 11    Str: 17    XL:     3   Next: 96%
Magic:  3/3        EV:  3    Int:  7    God:    Lugonu [**....]
Gold:   25         SH:  0    Dex: 12    Spells: 2/2 levels left

rFire   . . .      SeeInvis .   a - +2 spear
rCold   . . .      Faith    .   (no shield)
rNeg    . . .      Spirit   .   j - +0 plate armour
rPois   .          Reflect  .   (helmet restricted)
rElec   .          Harm     .   (no cloak)
rCorr   .          Rampage  .   (no gloves)
Will    .....                   (no boots)
Stlth   ..........              (no amulet)
HPRegen 0.11/turn               (no ring)
MPRegen 0.08/turn               (no ring)

@: held
A: horns 2, retaliatory headbutt
a: Renounce Religion, Depart the Abyss, Bend Space


You were on level 2 of the Dungeon.
You worshipped Lugonu.
Lugonu was pleased with you.
You visited 1 branch of the dungeon, and saw 2 of its levels.
You visited the Abyss 1 time.

You collected 25 gold pieces.

Inventory:

Hand Weapons
 a - a +2 spear (weapon)
 i - a +2 vorpal long sword
Missiles
 d - 7 stones
 f - a throwing net
Armour
 b - a +0 leather armour
 j - a +0 plate armour (worn)
 k - a +0 ring mail
Scrolls
 h - a scroll of identify
Potions
 c - a potion of attraction
 e - a potion of heal wounds {unknown}
 g - 2 potions of flight {unknown}


   Skills:
 + Level 4.8 Fighting
 + Level 3.0 Polearms
 + Level 3.1 Armour
 + Level 1.4 Dodging
 + Level 2.1 Invocations


You had 2 spell levels left.
You didn't know any spells.
Your spell library contained the following spells:

 Spells                   Type           Power      Damage    Failure   Level
 Shock                    Conj/Air       0%         1d3       100%        1
 Swiftness                Air            0%         N/A       100%        3
 Airstrike                Air            0%         2d(0-16)  100%        4


Dungeon Overview and Level Annotations

Branches:
Dungeon (2/15)

Altars:

Shops:
D:1 *


Innate Abilities, Weirdness & Mutations

You have a pair of horns on your head.
You reflexively headbutt those who attack you in melee.


Message History

You hit the gnoll.
You kill the gnoll!
Lugonu accepts your kill.
Your Polearms skill increases to level 3!
f - a throwing net
There are no items here.
h - a scroll of identify
Things that are here:
a +0 halberd; a gnoll corpse You start resting.
A gnoll comes into view. It is wielding a +0 flail.
The gnoll shouts!
The gnoll throws a throwing net.
The throwing net hits you.
You become entangled in the net!
You see here a throwing net.
Unknown command.
You struggle against the net.
You struggle against the net.
You struggle against the net.
You struggle against the net.
A gnoll comes into view. It is wielding a +0 whip.
You struggle against the net.
The gnoll shouts!
You rip the net and break free!
The gnoll attacks as you move away! The gnoll hits you with a +0 flail.
The gnoll attacks as you move away! The gnoll hits you with a +0 flail!
* * * LOW HITPOINT WARNING * * *
The gnoll throws a throwing net.
The throwing net hits you.
You become entangled in the net!
You see here a throwing net.
Unknown command.
Unknown command.
You struggle against the net.
A gnoll comes into view. It is wielding a +0 halberd.
You tear a large gash into the net.
The gnoll shouts!
The gnoll hits you with a +0 flail.
* * * LOW HITPOINT WARNING * * *
You struggle against the net.
The gnoll hits you with a +0 flail.
You die...

###. ........#
#...#####....##
#..>...g...###
#....).......#
#..........#......
#..........# ##...
#...g......### .
##.g............
#####..@.........###
#......<..########
.....###### .####


You could see 3 gnolls.

Vanquished Creatures
  4 gnolls
  A worm (D:1)
  3 ball pythons (D:1)
  4 bats (D:1)
  3 endoplasms (D:1)
  A goblin (D:1)
  3 hobgoblins (D:1)
  A quokka (D:1)
  4 frilled lizards (D:1)
  A kobold (D:1)
  2 rats (D:1)
27 creatures vanquished.

Notes
Turn   | Place    | Note
-------+----------+-------------------------------------------
     0 | Abyss:1  | Earthwalker the Minotaur Abyssal Knight began the quest for
                  | the Orb.
     0 | Abyss:1  | Reached XP level 1. HP: 19/19 MP: 1/1
   388 | Abyss:1  | Noticed a smoke demon
   390 | D:1      | Escaped the Abyss
   714 | D:1      | Reached skill level 4 in Fighting
   723 | D:1      | Reached XP level 2. HP: 24/27 MP: 2/2
  1012 | D:1      | Found a faded altar of an unknown god.
  1127 | D:1      | Found Edghehum's Assorted Antiques.
  1454 | D:1      | Reached XP level 3. HP: 9/34 MP: 3/3
  1909 | D:2      | Slain by a gnoll

Illustrated notes

Levels and vault maps discovered:
D:1:      minmay_arrival_split_and_join, layout_basic, serial_shops,
          nicolae_shop_overgrown_old_shop, shapermc_ecumenical_altar_pompeii,
          feat_on_display
D:2:      layout_rooms

Skill      XL: |  1  2  3 |
---------------+----------+-----
Fighting       | 4 |  4.8
Invocations    | 2 |  2.1
Armour         | 3 |  3.1
Polearms       | 3 |  3.0
Dodging        | |  1.4

Action                   || total
-------------------------++-------
Melee: Spear             ||    66
       Headbutt          ||     9
       Punch             ||     1
  Use: Scroll            ||     2
Armor: Leather armour    ||     7
       Plate armour      ||    16
Dodge: Dodged            ||    36
